 Dungeon Crawl Stone Soup version 0.27-a0-1278-g6cbc8dfb29 (webtiles) character file.

Game seed: 12926093696749233246

58 bande the Skirmisher (level 4, -3/29 HPs)
             Began as a Gargoyle Fighter on June 12, 2021.
             Slain by Crazy Yiuf (6 damage)
             ... on level 2 of the Dungeon.
             The game lasted 00:02:14 (1865 turns).

bande the Skirmisher (Gargoyle Fighter)             Turns: 1865, Time: 00:02:15

Health: -3/29      AC: 13    Str: 19    XL:     4   Next: 2%
Magic:  3/4        EV:  5    Int:  9    God:
Gold:   93         SH: 10    Dex: 10    Spells: 3/3 levels left

rFire    . . .     SeeInvis .   a - +0 war axe
rCold    . . .     Faith    .   c - +1 kite shield
rNeg     + . .     Spirit   .   i - +0 chain mail
rPois    ∞         Reflect  .   (no helmet)
rElec    +         Harm     .   (no cloak)
rCorr    .         Rampage  .   (no gloves)
Will     .....                  (no boots)
Stlth    ..........             (no amulet)
HPRegen  0.09/turn              (no ring)
MPRegen  0.09/turn              (no ring)

@: mighty, very slightly contaminated, invisible
A: sickness immunity, AC +3, negative energy resistance 1, electricity
resistance, torment resistance 1, petrification resistance
a: no special abilities


You were on level 2 of the Dungeon.
You visited 1 branch of the dungeon, and saw 2 of its levels.

You collected 93 gold pieces.

Inventory:

Hand Weapons
 a - a +0 war axe (weapon)
Armour
 c - a +1 kite shield (worn)
 i - a +0 chain mail (worn)
Jewellery
 f - a ring of wizardry
Scrolls
 b - a scroll of amnesia
Potions
 h - 2 potions of haste


   Skills:
 + Level 3.9 Fighting
 + Level 2.2 Axes
 + Level 3.8 Armour
 + Level 0.3 Dodging
 + Level 3.8 Shields


You had 3 spell levels left.
You didn't know any spells.
Your spell library was empty.

Dungeon Overview and Level Annotations

Branches:
Dungeon (2/15)

Altars:

Annotations:
D:2 Crazy Yiuf


Innate Abilities, Weirdness & Mutations

You are immune to sickness and miasma.
Your stone body is resilient. (AC +3)
You are immune to poison.
You resist negative energy. (rN+)
You are resistant to electric shocks. (rElec)
You are resistant to unholy torment.
You are immune to petrification.


Message History

Crazy Yiuf is heavily wounded.
Crazy Yiuf hits you with a +2 quarterstaff of chaos.
Crazy Yiuf burns you.
Your chain mail prevents you from hitting Crazy Yiuf.
Crazy Yiuf is heavily wounded.
Crazy Yiuf hits you with a +2 quarterstaff of chaos.
You block Crazy Yiuf's attack.
Your chain mail prevents you from hitting Crazy Yiuf.
Crazy Yiuf is heavily wounded.
You block Crazy Yiuf's attack. x2
You closely miss Crazy Yiuf.
Crazy Yiuf is heavily wounded.
Crazy Yiuf hits you with a +2 quarterstaff of chaos.
Crazy Yiuf burns you.
You closely miss Crazy Yiuf.
Crazy Yiuf is heavily wounded.
Crazy Yiuf screams, "Prologue ena Hive!"
Crazy Yiuf barely misses you. You block Crazy Yiuf's attack.
You closely miss Crazy Yiuf.
Crazy Yiuf is heavily wounded.
Crazy Yiuf hits you with a +2 quarterstaff of chaos!
You feel your power leaking away. You block Crazy Yiuf's attack.
You barely miss Crazy Yiuf.
Crazy Yiuf is heavily wounded.
Crazy Yiuf hits you with a +2 quarterstaff of chaos.
* * * LOW HITPOINT WARNING * * *
Crazy Yiuf burns you.
* * * LOW HITPOINT WARNING * * *
You hit Crazy Yiuf.
Crazy Yiuf is almost dead.
Crazy Yiuf hits you with a +2 quarterstaff of chaos.
* * * LOW HITPOINT WARNING * * *
You fade into invisibility!
You are very lightly contaminated with residual magic.
Crazy Yiuf waves his quarterstaff at you.
Crazy Yiuf barely misses you.
You feel very mighty all of a sudden.
Crazy Yiuf hits you with a +2 quarterstaff of chaos.
You die...

...###..............###.....##
........#..############.##.##
...###.....# #..##.#
...........# ##### #.###.#
...........# #..)# #.###.#
.......##### #...# #.##..#
.........# ... ###..##
.........### #g# ###.##
...#.#.....# ♣♣@♣ #.#.###
.###.#....## ♣.♣♣ #..[..#
...........# ♣♣.♣ #.###.#####
...........# ♣.♣♣ #.........#
.#.........# ♣♣.♣♣ ##........#
.#.........# ♣...♣♣ #.....[..#
.#.....)...# ♣....♣ #.>......#
.......†..## #....# #........#
..##..###.####....# #........#


You could see Crazy Yiuf.

Vanquished Creatures
  2 adders (D:2)
  A worm (D:2)
  A dart slug (D:1)
  A ball python (D:2)
  An endoplasm (D:2)
  2 giant cockroaches (D:2)
  8 goblins
  3 hobgoblins (D:2)
  4 jackals
  3 kobolds
  A quokka (D:2)
  A frilled lizard (D:2)
  3 rats
31 creatures vanquished.

Notes
Turn   | Place    | Note
-------+----------+-------------------------------------------
     0 | D:1      | bande the Gargoyle Fighter began the quest for the Orb.
     0 | D:1      | Reached XP level 1. HP: 14/14 MP: 1/1
   372 | D:1      | Found a faded altar of an unknown god.
   562 | D:1      | Reached XP level 2. HP: 18/19 MP: 2/2
  1135 | D:2      | Reached XP level 3. HP: 14/24 MP: 3/3
  1536 | D:2      | Reached XP level 4. HP: 12/29 MP: 4/4
  1851 | D:2      | Found a runed translucent door.
  1852 | D:2      | Noticed Crazy Yiuf
  1865 | D:2      | Slain by Crazy Yiuf

Illustrated notes

Levels and vault maps discovered:
D:1:      dpeg_arrival_boxes_within_box, layout_basic,
          chequers_ecumenical_altar_simple, serial_glass, glass_columns_b,
          glass_columns_c, glass_columns_a, glass_columns_c, glass_columns_b,
          glass_columns_a
D:2:      layout_rooms, minivault_25, uniq_crazy_yiuf_cottage

Skill      XL: |  1  2  3 |
---------------+----------+-----
Axes           | 2 |  2.2
Fighting       | |  3.9
Armour         | |  3.8
Dodging        | |  0.3
Shields        | |  3.8

Action                   |  1- 3 |  4- 6 || total
-------------------------+-------+-------++-------
Melee: War axe           |    92 |    11 ||   103
  Use: Scroll            |     4 |       ||     4
       Potion            |       |     1 ||     1
Armor: Scale mail        |     8 |       ||     8
       Chain mail        |    65 |     1 ||    66
Dodge: Dodged            |    24 |     2 ||    26
Block: Kite shield       |    65 |    10 ||    75

Table legend: (Time is in decaauts)
 A = Elapsed time spent in this place.
 B = Non-inter-level travel time spent in this place.
 C = Inter-level travel time spent in this place.
 D = Time resting spent in this place.
 E = Time spent auto-exploring this place.
 F = Levels seen in this place.
 G = Mean time per level.
                   A        B        C        D        E       F      G
               +--------+--------+--------+--------+--------+-----+--------+
         Total |   1930 |   1930 |      0 |    301 |   1276 |   2 |  965.0 |
       Dungeon |   1930 |   1930 |      0 |    301 |   1276 |   2 |  965.0 |
               +--------+--------+--------+--------+--------+-----+--------+

Top non-repeatable levels by time:
     D:1: 1093 daAuts
     D:2: 837 daAuts
